 Dungeon Crawl Stone Soup version 0.21.1-1-g345015f (webtiles) character file.

67890 toffzen the Martial Artist (level 15, -1/121 HPs)
             Began as a Vine Stalker Transmuter on May 27, 2018.
             Was the Champion of Makhleb.
             Slain by a vampire mosquito (2 damage)
             ... on level 13 of the Dungeon on May 29, 2018.
             The game lasted 02:11:38 (27125 turns).

toffzen the Martial Artist (VSTm)                  Turns: 27125, Time: 02:11:41

Health: -1/121     AC: 30    Str: 13    XL:     15   Next: 24%
Magic:  0/22       EV:  2    Int: 20    God:    Makhleb [******]
Gold:   1393       SH:  0    Dex: 22    Spells: 7/22 levels left

rFire    . . .     SeeInvis .   a - staff of energy
rCold    . . .     Gourm    .   (no shield)
rNeg     + + +     Faith    .   (armour currently unavailable)
rPois    +         Spirit   +   (helmet currently unavailable)
rElec    .         Reflect  .   (cloak currently unavailable)
rCorr    .         Harm     .   (gloves currently unavailable)
MR       +....     NoTele   +   (boots currently unavailable)
Stlth    +++.......             W - amulet of regeneration
HPRegen  1.50/turn              R - +3 ring of protection
MPRegen  0.18/turn              b - +3 ring of intelligence

@: agile, tree-form, very slightly contaminated, invisible (expiring)
A: regeneration 2, magic shield, no potion heal 3, rot immunity
a: Minor Destruction, Lesser Servant of Makhleb, Major Destruction, Greater
Servant of Makhleb, Renounce Religion


You were on level 13 of the Dungeon.
You worshipped Makhleb.
Makhleb was exalted by your worship.
You were not hungry.
You were a tree.
You visited 2 branches of the dungeon, and saw 20 of its levels.

You collected 1547 gold pieces.
You spent 154 gold pieces at shops.

Inventory:

Hand Weapons
 m - a +0 hunting sling
Missiles
 n - 510 stones (quivered)
 F - 2 throwing nets
 Z - 378 arrows
Armour
 i - the +1 leather armour of Aniud {rF+ rC++ Str-4 Dex+4}
   (You found it on level 11 of the Dungeon)

   It affects your strength (-4).
   It affects your dexterity (+4).
   It protects you from fire.
   It greatly protects you from cold.
 s - a +0 helmet (melded)
 x - a +0 pair of gloves (melded)
 A - a +0 pair of boots of running (melded)
 N - a scarf of resistance (melded)
 O - a +0 troll leather armour (melded)
Magical Staves
 a - an uncursed staff of energy (weapon)
Jewellery
 b - a +3 ring of intelligence (right branch)
 Q - an uncursed ring of poison resistance
 R - a +3 ring of protection (left branch)
 V - an uncursed ring of protection from fire
 W - an amulet of regeneration (around neck)
Wands
 h - a wand of paralysis (31)
 v - a wand of enslavement (11)
 y - a wand of digging (10)
 C - a wand of scattershot (7)
 H - a wand of polymorph (43)
 J - a wand of iceblast (17)
 M - a wand of acid (23)
Scrolls
 f - 2 scrolls of fog
 j - a scroll of magic mapping
 k - a scroll of enchant weapon
 t - 2 scrolls of amnesia
 u - 10 scrolls of enchant armour
 z - a scroll of teleportation
 B - a scroll of acquirement {unknown}
 D - 2 scrolls of vulnerability
 G - 5 scrolls of remove curse
 L - a scroll of torment {unknown}
 S - a scroll of fear
 T - a scroll of noise {unknown}
Potions
 c - 2 potions of might {unknown}
 e - 2 potions of flight
 g - 4 potions of degeneration
 p - 3 potions of lignification
 r - a potion of curing
 P - 2 potions of mutation
 U - 2 potions of invisibility
 Y - 2 potions of cancellation
Books
 w - a book of Maledictions

   Spells                             Type                      Level
   a - Corona                         Hexes                        1
   b - Ensorcelled Hibernation        Hexes/Ice                    2
   c - Confuse                        Hexes                        3
   d - Tukima's Dance                 Hexes                        3
   e - Dazzling Spray                 Conjuration/Hexes            3
 E - a book of Misfortune

   Spells                             Type                      Level
   a - Confusing Touch                Hexes                        1
   b - Confuse                        Hexes                        3
   c - Gell's Gravitas                Translocation                3
   d - Petrify                        Transmutation/Earth          4
   e - Metabolic Englaciation         Hexes/Ice                    5
   f - Yara's Violent Unravelling     Hexes/Transmutation          5
 X - a book of Battle

   Spells                             Type                      Level
   a - Infusion                       Charms                       1
   b - Shroud of Golubria             Charms/Translocation         2
   c - Song of Slaying                Charms                       2
   d - Spectral Weapon                Hexes/Charms                 3
   e - Regeneration                   Charms/Necromancy            3
Comestibles
 d - 33 rations
 o - 13 chunks of flesh


   Skills:
 + Level 10.9 Fighting
 + Level 2.7 Armour
 + Level 9.6 Dodging
 * Level 13.8 Unarmed Combat
 - Level 4.2 Spellcasting
 + Level 12.8 Transmutations
 - Level 3.1 Ice Magic
 + Level 8.1 Invocations


You had 7 spell levels left.
You knew the following spells:

 Your Spells              Type           Power        Failure   Level  Hunger
a - Beastly Appendage     Tmut           ######       1%          1    None
b - Sticks to Snakes      Tmut           ######..     1%          2    None
c - Spider Form           Tmut/Pois      ####......   2%          3    None
d - Blade Hands           Tmut           ######....   1%          5    None
e - Ice Form              Ice/Tmut       #####...     4%          4    None


Dungeon Overview and Level Annotations

Branches:
Dungeon (14/15)            Temple (0/1) D:7            Lair (6/6) D:8
 Shoals (0/4) Lair:3       Spider (0/4) Lair:2        Slime (0/5) Lair:5
    Orc (0/2) D:12         Vaults (0/5) D:13

Altars:
Ashenzari
Dithmenos
Elyvilon
Fedhas
Gozag
Hepliaklqana
Makhleb
Ru
Uskayaw
Wu Jian
Xom
Jiyva

Shops:
D:6 ?

Annotations:
D:4 2 transporters
D:5 fly's ghost, novice OgBe
D:10 1 exclusion
D:14 Agnes
Lair:4 1 runed door
Lair:5 exclusion: 3 oklob plants


Innate Abilities, Weirdness & Mutations

((You have razor-sharp teeth.))
You heal very quickly.
When hurt, damage is shared between your health and your magic reserves.
((Your bite disrupts and absorbs the magic of your enemies.))
Potions cannot restore your health.
You are immune to rotting.


Message History

The vampire mosquito bites you but does no damage.
Your adder completely misses the vampire mosquito.
Your adder bites the vampire mosquito but does no damage.
Your adder misses the vampire mosquito. The vampire mosquito bites you!
* * * LOW HITPOINT WARNING * * *
The vampire mosquito misses your adder.
You closely miss the vampire mosquito. You punch the vampire mosquito!
The vampire mosquito is almost destroyed.
The vampire mosquito bites you but does no damage.
The vampire mosquito misses your adder. The vampire mosquito bites you.
* * * LOW HITPOINT WARNING * * *
The vampire mosquito bites you but does no damage.
Your adder completely misses the vampire mosquito.
Your adder misses the vampire mosquito.
Your adder closely misses the vampire mosquito.
The vampire mosquito bites your adder!
Your adder dies!
The vampire mosquito bites you but does no damage.
The vampire mosquito bites you.
You die...

#####)########
.............#
..)..........#
..........)..####
####.#.####'###.# .#
#...# #...##.## .#
#...# #...##..# .#
#...# #)..##yy#
.###'''###))###.♣#
≈≈≈≈...≈≈≈≈≈≈≈SSy#
≈≈≈≈...≈≈≈≈≈≈≈.SS#
≈≈≈≈...≈≈≈≈≈≈....#
≈≈≈.....≈≈≈≈.....#
...(.......(####+######
#.#...######..........#
#.#..## #(.........#
#.#..# #..........#


You could see 3 vampire mosquitoes and 4 friendly adders.

Vanquished Creatures
  4 vault guards (D:13)
  Erolcha (D:9)
  The ghost of bmj180 the Cleaver, a journeyman HOFi of Okawaru (D:10)
  7 hydras
  An ogre mage (D:13)
  2 two-headed ogres
  Nergalle (Lair:1)
  2 fire crabs (Lair:3)
  An unseen horror (D:13)
  A wizard (D:13)
  A lindwurm (Lair:5)
  A deep elf archer (D:13)
  An orc knight (D:13)
  2 ugly things (D:11)
  2 cyclopes
  A manticore (D:12)
  A merfolk siren (Lair:3)
  A centaur zombie (D:12)
  12 elephants
  2 black mambas
  Psyche (D:9)
  13 spiny frogs
  4 torpor snails
  2 centaur skeletons
  2 rime drakes
  A yaktaur (D:13)
  An efreet (D:12)
  8 komodo dragons
  4 kobold demonologists
  12 polar bears
  A troll (D:8)
  The ghost of AdmiralAndromeda the Twirler, an amateur BaGl (D:4)
  Prince Ribbit (D:7)
  3 raiju (Lair:6)
  5 hippogriffs
  2 slime creatures (D:12)
  10 dream sheep
  12 blink frogs
  Sigmund (D:5)
  A shadow (D:12)
  A wraith (D:13)
  2 spriggans (Lair:3)
  A human (D:13)
  43 yaks
  7 basilisks
  2 hungry ghosts
  Edmund (D:6)
  A harpy simulacrum (D:14)
  4 wargs (Lair:6)
  2 acid dragons (Lair:6)
  14 water moccasins
  10 porcupines
  Duvessa (D:7)
  14 hell hounds (Lair:6)
  2 swamp drakes (Lair:6)
  2 ice beasts
  7 sky beasts
  15 black bears
  3 orc warriors
  9 ogres
  2 phantoms
  29 wolves
  A necrophage (D:10)
  13 crocodiles
  15 centaurs
  Blork the orc (D:5)
  8 big kobolds
  15 bullfrogs
  A wyvern zombie (D:12)
  Dowan (D:7)
  6 scorpions
  8 killer bees
  8 wights
  3 electric eels (Lair:3)
  2 crimson imps
  A quasit (D:10)
  7 hounds
  A gnoll shaman (D:6)
  16 orc wizards
  2 bullfrog zombies
  9 orc priests
  7 jellies
  Natasha (D:2)
  7 iguanas
  9 worker ants
  Terence (D:3)
  Robin (D:2)
  4 gnolls
  9 adders
  4 shadow imps
  An ooze (D:4)
  2 adder zombies
  2 adder skeletons (D:5)
  A worm (D:2)
  A dart slug (D:1)
  5 leopard geckos
  56 orcs
  8 giant cockroaches
  15 goblins
  7 hobgoblins
  13 jackals
  35 kobolds
  5 quokkas
  A ball python (D:8)
  7 bats
  5 frilled lizards
  A leopard gecko skeleton (D:7)
  A quokka skeleton (D:8)
  9 rats
  A plant (Lair:6)
639 creatures vanquished.

Vanquished Creatures (collateral kills)
  A hydra (Lair:5)
  An alligator (Lair:6)
  2 slime creatures (D:12)
  A manticore (D:11)
  A black bear (Lair:6)
  2 orc wizards
  Natasha (D:2)
  A worker ant (D:10)
  A hobgoblin (D:3)
  A ball python (D:5)
12 creatures vanquished.

Vanquished Creatures (others)
  A bush (D:5)
  12 fungi
  28 plants
  9 toadstools (Lair:4)
50 creatures vanquished.

Grand Total: 701 creatures vanquished

Notes
Turn   | Place    | Note
-------+----------+-------------------------------------------
     0 | D:1      | toffzen the Vine Stalker Transmuter began the quest for the Orb.
     0 | D:1      | Reached XP level 1. HP: 9/9 MP: 4/4
    33 | D:1      | Reached skill level 1 in Fighting
   299 | D:1      | Reached XP level 2. HP: 14/14 MP: 6/6
   303 | D:1      | Learned a level 2 spell: Sticks to Snakes
  1145 | D:2      | Reached XP level 3. HP: 13/18 MP: 4/7
  1356 | D:2      | Reached skill level 4 in Unarmed Combat
  1513 | D:2      | Noticed Robin
  1531 | D:2      | Killed Robin
  1712 | D:2      | Gained mutation: Your natural rate of healing is unusually fast. [Vine Stalker growth]
  1712 | D:2      | Reached XP level 4. HP: 23/23 MP: 6/8
  1821 | D:2      | Noticed Natasha
  1828 | D:2      | Killed Natasha
  2182 | D:2      | Noticed Natasha
  2190 | D:2      | Killed Natasha
  2190 | D:2      | Reached XP level 5. HP: 26/26 MP: 5/9
  2304 | D:3      | Noticed Terence
  2314 | D:3      | Killed Terence
  2578 | D:3      | Found a blossoming altar of Fedhas.
  2738 | D:3      | Reached skill level 5 in Unarmed Combat
  2899 | D:3      | Learned a level 3 spell: Spider Form
  3012 | D:3      | Found a white marble altar of Elyvilon.
  3014 | D:3      | Found a shimmering altar of Xom.
  3014 | D:3      | Found an opulent altar of Gozag.
  3016 | D:3      | Found an ornate altar of the Wu Jian Council.
  3093 | D:3      | Reached XP level 6. HP: 29/32 MP: 8/10
  3390 | D:3      | Found a burning altar of Makhleb.
  3390 | D:3      | Noticed a green death
  3394 | D:3      | Noticed a ynoxinul
  3394 | D:3      | Noticed a hellwing
  3396 | D:3      | Became a worshipper of Makhleb the Destroyer
  3491 | D:4      | Noticed a slave
  3532 | D:4      | Found a transporter.
  3560 | D:4      | Noticed AdmiralAndromeda's ghost (amateur BaGl)
  3584 | D:4      | Killed AdmiralAndromeda's ghost
  3584 | D:4      | Reached XP level 7. HP: 36/36 MP: 3/11
  3660 | D:4      | Noticed a manticore
  3661 | D:4      | Found a hazy altar of Hepliaklqana.
  3669 | D:4      | Found a transporter.
  4055 | D:4      | Reached skill level 6 in Unarmed Combat
  4615 | D:5      | Entered Level 5 of the Dungeon
  4630 | D:5      | Noticed Sigmund
  4833 | D:5      | Noticed fly's ghost (novice OgBe)
  5466 | D:5      | Gained mutation: You have razor-sharp teeth. [Vine Stalker growth]
  5466 | D:5      | Reached XP level 8. HP: 38/41 MP: 7/12
  5590 | D:5      | Killed Sigmund
  5706 | D:5      | Reached skill level 7 in Unarmed Combat
  5903 | D:5      | Reached skill level 5 in Transmutations
  5921 | D:5      | Learned a level 5 spell: Blade Hands
  5932 | D:5      | Reached * piety under Makhleb
  5959 | D:5      | Reached skill level 1 in Invocations
  6131 | D:5      | Noticed Blork the orc
  6148 | D:5      | Killed Blork the orc
  6274 | D:5      | Found the +7 Singing Sword
  6872 | D:6      | Reached XP level 9. HP: 39/45 MP: 7/13
  7599 | D:6      | Found Zetwocs's Magic Scroll Boutique.
  7606 | D:6      | Bought a scroll of identify for 22 gold pieces
  7606 | D:6      | Bought a scroll of identify for 22 gold pieces
  7606 | D:6      | Bought a scroll of teleportation for 33 gold pieces
  7608 | D:6      | Bought a scroll of identify for 22 gold pieces
  7608 | D:6      | Bought a scroll of identify for 22 gold pieces
  7608 | D:6      | Bought a scroll of remove curse for 33 gold pieces
  7624 | D:6      | Noticed Edmund
  7636 | D:6      | Killed Edmund
  7636 | D:6      | Reached skill level 8 in Unarmed Combat
  7992 | D:7      | Found a staircase to the Ecumenical Temple.
  8059 | D:7      | Reached ** piety under Makhleb
  8068 | D:7      | Noticed Dowan
  8099 | D:7      | Noticed Duvessa
  8112 | D:7      | Killed Dowan
  8112 | D:7      | HP: 1/46 [poisoned by Duvessa]
  8113 | D:7      | Killed Duvessa
  8113 | D:7      | Reached skill level 5 in Fighting
  8232 | D:7      | Noticed Prince Ribbit
  8241 | D:7      | Killed Prince Ribbit
  8345 | D:7      | Found a burning altar of Makhleb.
  8879 | D:8      | Found a staircase to the Lair.
  8924 | D:8      | Identified a +0 pair of boots of running (You found it on level 8 of the Dungeon)
  9132 | D:8      | Found a shattered altar of Ashenzari.
  9300 | D:8      | Reached skill level 9 in Unarmed Combat
  9300 | D:8      | Reached XP level 10. HP: 47/51 MP: 8/14
  9653 | D:8      | Found a sacrificial altar of Ru.
  9653 | D:8      | Found a shadowy altar of Dithmenos.
 10056 | D:9      | Reached skill level 5 in Dodging
 10117 | D:9      | Noticed a two-headed ogre
 10408 | Lair:1   | Entered Level 1 of the Lair of Beasts
 10408 | Lair:1   | Noticed a spiny frog
 10420 | Lair:1   | Killed a spiny frog
 10497 | Lair:1   | Noticed a spiny frog
 10625 | D:10     | Entered Level 10 of the Dungeon
 10964 | D:10     | Reached skill level 10 in Unarmed Combat
 11230 | D:10     | Reached *** piety under Makhleb
 11368 | D:10     | Noticed bmj180's ghost (journeyman HOFi)
 11419 | D:9      | Killed a two-headed ogre
 11419 | D:9      | Reached XP level 11. HP: 35/56 MP: 4/18
 11561 | D:9      | Learned a level 4 spell: Ice Form
 11590 | D:9      | Noticed Erolcha
 11600 | D:9      | Paralysed by Erolcha for 5 turns
 11694 | D:9      | Killed Erolcha
 11875 | D:9      | Noticed Psyche
 11888 | D:9      | Found a blossoming altar of Fedhas.
 11939 | D:9      | Killed Psyche
 13150 | Lair:1   | Noticed Nergalle
 13169 | Lair:1   | Killed Nergalle
 13453 | Lair:1   | Reached **** piety under Makhleb
 13612 | Lair:1   | Found a hide-covered altar of Uskayaw.
 13882 | Lair:2   | Reached skill level 10 in Transmutations
 13990 | Lair:2   | Gained mutation: You heal very quickly. [Vine Stalker growth]
 13990 | Lair:2   | Reached XP level 12. HP: 63/63 MP: 13/19
 14093 | Lair:2   | Found a hole to the Spider Nest.
 14187 | Lair:2   | Reached skill level 11 in Unarmed Combat
 14289 | Lair:2   | Noticed a five-headed hydra
 14296 | Lair:2   | Killed a five-headed hydra
 14405 | Lair:2   | Noticed a five-headed hydra
 14530 | Lair:2   | Killed a five-headed hydra
 15261 | Lair:3   | Noticed a five-headed hydra
 15317 | Lair:3   | Killed a five-headed hydra
 15452 | Lair:3   | Found a runed door.
 16175 | Lair:3   | Reached XP level 13. HP: 70/70 MP: 14/20
 16444 | Lair:3   | Found a staircase to the Shoals.
 16751 | Lair:3   | Noticed an entropy weaver
 17717 | Lair:4   | Reached skill level 5 in Invocations
 18129 | Lair:4   | Reached skill level 12 in Unarmed Combat
 18229 | Lair:4   | Found a runed door.
 18299 | Lair:5   | Reached ***** piety under Makhleb
 18574 | Lair:5   | Found a staircase to the Slime Pits.
 18574 | Lair:5   | Found a viscous altar of Jiyva.
 19272 | Lair:6   | Entered Level 6 of the Lair of Beasts
 19505 | Lair:6   | Reached skill level 10 in Fighting
 19514 | Lair:6   | Reached XP level 14. HP: 77/77 MP: 16/21
 21650 | Lair:6   | Reached skill level 13 in Unarmed Combat
 23061 | D:10     | Killed bmj180's ghost
 23494 | D:11     | Got a scorched leather armour
 23542 | D:11     | Identified the +1 leather armour of Aniud {rF+ rC++ Str-4 Dex+4} (You found it on level 11 of the Dungeon)
 23682 | D:11     | Reached skill level 1 in Armour
 24589 | D:12     | Reached ****** piety under Makhleb
 25435 | D:12     | Found a staircase to the Orcish Mines.
 25975 | D:13     | Reached XP level 15. HP: 81/81 MP: 22/22
 26562 | D:13     | Found a gate to the Vaults.
 27063 | D:14     | Noticed Agnes
 27108 | D:13     | HP: 4/121 [vampire mosquito (3)]
 27113 | D:13     | HP: 5/121 [vampire mosquito (3)]
 27113 | D:13     | HP: 2/121 [vampire mosquito (3)]
 27121 | D:13     | HP: 6/121 [vampire mosquito (2)]
 27124 | D:13     | HP: 1/121 [vampire mosquito (4)]
 27125 | D:13     | Slain by a vampire mosquito

Skill      XL: |  1  2  3  4  5  6  7  8  9 10 11 12 13 14 15 |
---------------+----------------------------------------------+-----
Fighting       | 1 2 3 4 5 6 7 9 10 | 10.9
Unarmed Combat | 4 5 6 7 9 10 11 12 13 | 13.8
Dodging        | 2 3 4 5 6 7 8 9 |  9.6
Transmutations | 3 4 5 6 7 10 11 12 | 12.8
Invocations    | 4 6 7 8 |  8.1
Spellcasting   | 4 |  4.2
Ice Magic      | 3 |  3.1
Armour         | 2 |  2.7

Action                   |  1- 3 |  4- 6 |  7- 9 | 10-12 | 13-15 || total
-------------------------+-------+-------+-------+-------+-------++-------
Melee: Unarmed           |   103 |    97 |   329 |   522 |   799 ||  1850
       Bite              |    23 |    21 |    26 |    81 |   192 ||   343
       Punch             |     1 |     4 |     4 |    11 |    40 ||    60
       Kick              |    10 |     9 |    11 |       |       ||    30
       Headbutt          |     5 |       |       |       |       ||     5
       Staff             |       |       |       |       |    35 ||    35
Throw: Stone             |       |       |     7 |       |     6 ||    13
 Cast: Beastly Appendage |    15 |     8 |     8 |       |       ||    31
       Sticks to Snakes  |     3 |     9 |    16 |    18 |    15 ||    61
       Spider Form       |       |       |    33 |    34 |     4 ||    71
       Blade Hands       |       |       |       |    16 |    90 ||   106
       Ice Form          |       |       |       |     8 |    12 ||    20
Invok: Minor Destruction |       |       |    14 |    66 |   205 ||   285
       Lesser Servant of |       |       |       |     1 |    20 ||    21
 Abil: End Transformatio |       |       |       |     3 |    32 ||    35
Evoke: Wand              |       |     3 |    13 |     4 |     2 ||    22
  Use: Scroll            |       |       |    14 |     6 |    13 ||    33
       Potion            |       |       |     3 |     6 |     6 ||    15
 Stab: Sleeping          |     1 |     3 |     6 |     2 |       ||    12
       Distracted        |       |       |     1 |     2 |     2 ||     5
  Eat: Chunk             |     3 |     7 |    19 |    23 |    29 ||    81
       Ration            |       |       |     2 |     3 |     7 ||    12
Armor: Robe              |    17 |    25 |    21 |    38 |    56 ||   157
       Skin              |       |       |     8 |    22 |    92 ||   122
       Troll leather arm |       |       |       |       |    43 ||    43
Dodge: Dodged            |    47 |    66 |   201 |   425 |   556 ||  1295
